 Dungeon Crawl Stone Soup version 0.16-b1 (webtiles) character file.

9261 McCoppin the Slicer (level 11, 0/74 HPs)
             Began as a Kobold Fighter on Mar 11, 2015.
             Was an Elder of Okawaru.
             Slain by a cyan ugly thing (1 damage)
             ... on level 11 of the Dungeon.
             The game lasted 00:52:21 (11982 turns).

McCoppin the Slicer (Kobold Fighter)               Turns: 11982, Time: 00:52:22

Health: 0/74       AC: 16    Str: 16    XL:     11   Next: 71%
Magic:  10/11      EV: 15    Int:  6    God:    Okawaru [****..]
Gold:   791        SH:  8    Dex: 18    Spells: 0 memorised, 10 levels left

rFire  . . .     SeeInvis .     a - +0 rapier
rCold  . . .     Clarity  .     N - +2 scale mail {rN+}
rNeg   + . .     SustAb   .     c - +0 buckler (curse)
rPois  .         Gourm    .     s - +0 helmet
rElec  .         Spirit   .     u - +0 cloak
rCorr  .         Warding  .     (no gloves)
rMut   .         Rnd*Tele +     U - +0 pair of boots
MR     .....                    p - amulet of regeneration
Stlth  ++........               (no ring)
                                (no ring)

@: heroism, invisible, not resistant to hostile enchantments, unstealthy
A: carnivore 3, teleportitis 1
a: Heroism, Renounce Religion


You were on level 11 of the Dungeon.
You worshipped Okawaru.
Okawaru was greatly pleased with you.
You were not hungry.

You visited 2 branches of the dungeon, and saw 12 of its levels.
You also visited: Ossuary.

You collected 791 gold pieces.

Inventory:

Hand weapons
 a - a +0 rapier (weapon)
 e - a +4 club
 o - a -3 short sword
 A - a +2 dagger of venom
 Q - a +4 dagger of distortion
 T - a +0 blowgun
Missiles
 f - 57 poisoned needles
 z - 3 throwing nets (quivered)
 R - 33 stones
 X - 6 needles of confusion
Armour
 b - a +0 scale mail
 c - a cursed +0 buckler (worn)
 l - a +0 shield
 n - a +0 ring mail
 q - a +0 chain mail
 s - a +0 helmet (worn)
 u - a +0 cloak (worn)
 N - a +2 scale mail of positive energy (worn)
 O - the -1 ring mail of Pragg {rPois}
   (You found it on level 8 of the Dungeon)

   It protects you from poison.
 U - a +0 pair of boots (worn)
Jewellery
 p - an amulet of regeneration (around neck)
 Z - an uncursed ring of positive energy {unknown}
Magical devices
 g - a wand of confusion (0)
 r - a wand of enslavement (0)
 x - a wand of draining (2)
 H - a wand of slowing (35)
 M - a wand of flame (25)
Scrolls
 h - a scroll of blinking
 k - 7 scrolls of identify
 t - a scroll of recharging
 y - 2 scrolls of magic mapping
 C - a scroll of amnesia
 E - a scroll of enchant weapon {unknown}
 G - a scroll of random uselessness {unknown}
 I - 3 scrolls of teleportation
 L - a scroll of acquirement {unknown}
 S - a scroll of immolation {unknown}
 V - a scroll of remove curse
Potions
 i - 2 potions of flight
 F - a potion of might
 K - a potion of curing
Books
 j - a book of Annihilations {highlevel, unknown}

   This book is beyond your current level of understanding.

   Spells                             Type                      Level
   a - Poison Arrow                   Conjuration/Poison           6
   b - Chain Lightning                Conjuration/Air              8
   c - Lehudib's Crystal Spear        Conjuration/Earth            8
   d - Glaciate                       Conjuration/Ice              9
   e - Fire Storm                     Conjuration/Fire             9
 w - a book of Flames

   Spells                             Type                      Level
   a - Flame Tongue                   Conjuration/Fire             1
   b - Throw Flame                    Conjuration/Fire             2
   c - Conjure Flame                  Conjuration/Fire             3
   d - Inner Flame                    Hexes/Fire                   3
   e - Sticky Flame                   Conjuration/Fire             4
   f - Fireball                       Conjuration/Fire             5
 B - a book of Power

   Spells                             Type                      Level
   a - Fulminant Prism                Conjuration/Hexes            4
   b - Iskenderun's Mystic Blast      Conjuration                  4
   c - Venom Bolt                     Conjuration/Poison           5
   d - Bolt of Magma                  Conjuration/Fire/Earth       5
   e - Iron Shot                      Conjuration/Earth            6
   f - Orb of Destruction             Conjuration                  7
   g - Spellforged Servitor           Conjuration/Summoning        7
 D - Sif Muna's Compendium of the Helpful Traveller
   (You found it on level 6 of the Dungeon)

   Spells                             Type                      Level
   a - Apportation                    Translocation                1
   b - Shroud of Golubria             Charms/Translocation         2
   c - Blink                          Translocation                2
   d - Force Lance                    Conjuration/Translocation    4
   e - Excruciating Wounds            Charms/Necromancy            5
 W - a book of Enchantments

   Spells                             Type                      Level
   a - Tukima's Dance                 Hexes                        3
   b - Cause Fear                     Hexes                        4
   c - Silence                        Hexes/Air                    5
   d - Deflect Missiles               Charms/Air                   6
   e - Haste                          Charms                       6
   f - Discord                        Hexes                        8
 Y - a book of Geomancy

   Spells                             Type                      Level
   a - Sandblast                      Earth                        1
   b - Stoneskin                      Transmutation/Earth          2
   c - Passwall                       Transmutation/Earth          3
   d - Stone Arrow                    Conjuration/Earth            3
   e - Petrify                        Transmutation/Earth          4
   f - Lee's Rapid Deconstruction     Earth                        5
Comestibles
 d - 4 meat rations
 m - 2 slices of pizza
 v - 7 beef jerkies
 P - 7 chunks of flesh


   Skills:
 - Level 11.2(16.2) Fighting
 - Level 12.0(17.0) Short Blades
 + Level 8.9(13.9) Armour
 - Level 5.0(10.0) Shields


You had 10 spell levels left.
You didn't know any spells.

Dungeon Overview and Level Annotations

Branches:
Dungeon (11/15)            Temple (1/1) D:6
   Lair: D:8-11         Orc: D:9-12

Altars:
Ashenzari
Cheibriados
Dithmenos
Elyvilon
Fedhas
Gozag
Kikubaaqudgha
Makhleb
Nemelex Xobeh
Okawaru
Qazlal
Ru
Sif Muna
Trog
Vehumet
Xom
Yredelemnul
Zin
The Shining One

Annotations:
D:10 Grum


Innate Abilities, Weirdness & Mutations

You are small and have problems with some larger weapons.
You are carnivorous and can eat meat at any time.
Space occasionally distorts in your vicinity.


Message History

You hit the cyan ugly thing but do no damage.
The cyan ugly thing is severely wounded.
You hit the cyan ugly thing but do no damage.
The cyan ugly thing is severely wounded.
The cyan ugly thing punches you. The cyan ugly thing shocks you!
* * * LOW HITPOINT WARNING * * *
Drink which item? (? for menu, Esc to quit)
You feel better. The cyan ugly thing punches you.
* * * LOW HITPOINT WARNING * * *
The cyan ugly thing shocks you!
* * * LOW HITPOINT WARNING * * *
Drink which item? (? for menu, Esc to quit)
Okay, then.
Press: ? - help, v - describe, . - travel
Here: a cyan ugly thing (severely wounded)
An open door, spattered with blood.
Drink which item? (? for menu, Esc to quit)
You fade into invisibility!
The cyan ugly thing punches you.
You die...

... .. #.## #..## #..#
######'## .# #.......#
#.# #...>...##### #.#
#.......u@..####.#####
#.......###.#........#
+.......# #.#........#
# #.......#
#..........#####
#.......#
###.............
##+######
#..(.....#####
####.##### ##.# ###
#..#


You could see a cyan ugly thing.

Vanquished Creatures
  Josephine (D:10)
  Erolcha (D:8)
  2 hill giants (D:11)
  Joseph (D:7)
  Psyche (D:8)
  A gargoyle (D:8)
  The ghost of jeanjacques the Sneak, an experienced OpEn of Dithmenos (D:3)
  A troll (D:9)
  A wyvern (D:11)
  3 wraiths (D:10)
  A hungry ghost (D:8)
  Edmund (D:8)
  2 hippogriffs (D:8)
  3 ice beasts
  2 phantoms
  A black bear (D:7)
  3 sky beasts
  4 centaurs
  9 ogres
  A big kobold (D:8)
  6 giant frogs
  Blork the orc (D:8)
  A scorpion (D:6)
  5 killer bees (D:11)
  4 quasits
  6 crimson imps
  2 giant frog zombies
  A goliath beetle (D:8)
  3 jellies
  Crazy Yiuf (D:3)
  2 orc priests
  7 hounds
  3 centaur skeletons
  2 giant frog skeletons
  4 orc wizards
  8 worker ants
  4 iguanas
  Ijyb (D:2)
  6 big kobold zombies (Ossuary)
  2 hound zombies
  A hound skeleton (D:6)
  3 mummies
  Robin (D:3)
  9 adders
  3 gnolls (D:2)
  A shadow imp (D:6)
  A river rat (D:10)
  2 giant mites
  3 worms
  2 adder skeletons (D:4)
  3 adder zombies (D:7)
  5 giant geckos
  21 orcs
  3 spectral bats (Ossuary)
  A bat skeleton (D:6)
  4 bat zombies
  6 giant cockroaches
  6 gnoll zombies (Ossuary)
  17 goblins
  22 hobgoblins
  10 jackals
  3 quokkas
  2 ball pythons
  9 bats
  A bat simulacrum (Ossuary)
  8 giant newts
  A goblin simulacrum (Ossuary)
  4 goblin zombies (Ossuary)
  6 hobgoblin zombies (Ossuary)
  A jackal skeleton (D:5)
  20 kobolds
  4 kobold simulacra (Ossuary)
  5 kobold zombies (Ossuary)
  3 orc zombies (Ossuary)
  A quokka skeleton (D:4)
  21 rats
  2 rat simulacra (Ossuary)
  2 rat zombies (D:2)
  4 spectral goblins (Ossuary)
  4 spectral kobolds (Ossuary)
  2 spectral rats (Ossuary)
  A ballistomycete (D:8)
337 creatures vanquished.

Vanquished Creatures (others)
  An ogre (D:4)
  A bat (D:10)
  2 giant spores
  A fungus (D:3)
5 creatures vanquished.

Grand Total: 342 creatures vanquished

Notes
Turn   | Place    | Note
--------------------------------------------------------------
     0 | D:1      | McCoppin, the Kobold Fighter, began the quest for the Orb.
     0 | D:1      | Reached XP level 1. HP: 14/14 MP: 1/1
   393 | D:1      | Reached XP level 2. HP: 19/19 MP: 2/2
   785 | D:2      | Reached skill level 4 in Short Blades
   806 | D:2      | Noticed Ijyb
   822 | D:2      | Killed Ijyb
   822 | D:2      | Reached XP level 3. HP: 15/23 MP: 3/3
   927 | D:2      | Reached skill level 5 in Short Blades
  1054 | D:2      | Reached XP level 4. HP: 15/28 MP: 4/4
  1491 | D:2      | Reached skill level 6 in Short Blades
  1730 | D:2      | Found an ancient bone altar of Kikubaaqudgha.
  1778 | D:2      | Reached XP level 5. HP: 24/32 MP: 5/5
  2565 | D:3      | Reached skill level 7 in Short Blades
  2674 | D:3      | Noticed jeanjacques' ghost (experienced OpEn)
  2830 | D:3      | Noticed Robin
  2953 | D:3      | Killed Robin
  3058 | D:3      | Killed jeanjacques' ghost
  3058 | D:3      | Reached skill level 9 in Short Blades
  3058 | D:3      | Reached XP level 6. HP: 34/37 MP: 6/6
  3058 | D:3      | Reached XP level 7. HP: 37/41 MP: 7/7
  3370 | D:3      | Noticed Crazy Yiuf
  3382 | D:3      | Killed Crazy Yiuf
  3607 | D:4      | Found a radiant altar of Vehumet.
  3760 | D:4      | Reached skill level 10 in Short Blades
  4259 | D:4      | Found a snail-covered altar of Cheibriados.
  4429 | D:4      | Reached XP level 8. HP: 46/46 MP: 8/8
  4555 | D:5      | Entered Level 5 of the Dungeon
  4570 | D:5      | Reached skill level 11 in Short Blades
  4825 | D:5      | Found a shadowy altar of Dithmenos.
  4867 | D:5      | Reached skill level 12 in Short Blades
  4893 | D:5      | Found a white marble altar of Elyvilon.
  5584 | D:6      | Reached skill level 5 in Fighting
  5677 | D:5      | Reached XP level 9. HP: 38/55 MP: 9/9
  5756 | D:6      | Found a sacrificial altar of Ru.
  5978 | D:6      | Identified Sif Muna's Compendium of the Helpful Traveller
  6006 | D:6      | Gained mutation: Space occasionally distorts in your vicinity. [mutagenic meat]
  6079 | D:6      | Found a staircase to the Ecumenical Temple.
  6127 | Temple   | Entered the Ecumenical Temple
  6239 | Temple   | Became a worshipper of Warmaster Okawaru
  6810 | D:7      | Found an opulent altar of Gozag.
  6872 | D:7      | Noticed Joseph
  7148 | D:7      | Killed Joseph
  7148 | D:7      | Acquired Okawaru's first power
  7148 | D:7      | Reached skill level 10 in Fighting
  7291 | D:7      | Found a shattered altar of Ashenzari.
  7397 | D:7      | Reached XP level 10. HP: 66/68 MP: 10/10
  8295 | D:8      | Found a shattered altar of Ashenzari.
  8434 | D:8      | Noticed a gargoyle
  8467 | D:8      | Killed a gargoyle
  8467 | D:8      | Reached skill level 5 in Shields
  8583 | D:8      | Found a sand-covered staircase.
  8599 | Ossuary  | Entered an ossuary
  9222 | D:8      | Noticed Edmund
  9271 | D:8      | Killed Edmund
  9345 | D:8      | Got a transparent ring mail
  9356 | D:8      | Identified the cursed -1 ring mail of Pragg {rPois} (You found it on level 8 of the Dungeon)
  9399 | D:8      | Noticed Psyche
  9618 | D:8      | Killed Psyche
  9667 | D:8      | Noticed Blork the orc
  9678 | D:8      | Killed Blork the orc
  9967 | D:8      | Reached skill level 5 in Armour
 10079 | D:8      | Noticed Erolcha
 10108 | D:8      | Killed Erolcha
 10108 | D:8      | Reached XP level 11. HP: 74/74 MP: 11/11
 10767 | D:9      | Found a basalt altar of Yredelemnul.
 10768 | D:9      | Found a glowing silver altar of Zin.
 10768 | D:9      | Found a shimmering altar of Xom.
 10769 | D:9      | Found a sacrificial altar of Ru.
 11099 | D:10     | Entered Level 10 of the Dungeon
 11189 | D:10     | Noticed Josephine
 11224 | D:10     | Killed Josephine
 11417 | D:10     | Noticed Grum
 11523 | D:11     | Noticed a hill giant
 11548 | D:11     | Killed a hill giant
 11821 | D:11     | Noticed a hill giant
 11837 | D:11     | Killed a hill giant
 11873 | D:11     | Noticed a cyan ugly thing
 11981 | D:11     | HP: 1/74 [cyan ugly thing (15)]
 11982 | D:11     | Slain by a cyan ugly thing

Action                   |  1- 3 |  4- 6 |  7- 9 | 10-12 || total
-------------------------+-------+-------+-------+-------++-------
Melee: Rapier            |    85 |   253 |   881 |  1050 ||  2269
       Short sword       |       |       |   132 |       ||   132
       Dagger            |       |       |       |    37 ||    37
Throw: Throwing net      |       |       |       |     4 ||     4
Invok: Heroism           |       |       |       |     6 ||     6
  Use: Scroll            |     5 |     1 |     4 |     1 ||    11
       Potion            |     1 |     3 |     8 |    10 ||    22
 Stab: Held in net/web   |       |       |       |     2 ||     2
  Eat: Chunk             |     6 |     6 |    20 |    15 ||    47
       Meat ration       |       |       |       |     1 ||     1
